 Dungeon Crawl Stone Soup version 0.31-a0-799-g6bc09d010c (webtiles) character file.

Game seed: 9682297715452913132

2541 Shayle the Fighter (level 9, -5/90 HPs)
             Began as an Ogre Hexslinger on Sept 19, 2023.
             Slain by an orc warrior
             ... wielding a +0 war axe
              (16 damage)
             ... in a bailey.
             The game lasted 00:26:02 (8685 turns).

Shayle the Fighter (Ogre Hexslinger)                Turns: 8685, Time: 00:26:04

Health: -5/90      AC:  7    Str: 19    XL:     9   Next: 55%
Magic:  19/19      EV: 10    Int: 18    God:
Gold:   447        SH:  5    Dex: 11    Spells: 20/22 levels left

rFire   + . .        a - melded +2 sling (flame)
rCold   . . .        (shield currently unavailable)
rNeg    . . .        c - melded +1 robe
rPois   +            (helmet currently unavailable)
rElec   .            (cloak currently unavailable)
rCorr   .            (gloves unavailable)
SInv    .            (boots unavailable)
Will    .....        j - amulet of reflection
Stlth   +            f - ring of protection from fire
HPRegen 0.35/turn    A - ring of poison resistance
MPRegen 0.16/turn

%: reflection
@: snake-form
A: constrict, reduced hp, large, unfitting armour, (tough skin 1)
a: Begin Untransformation


You were in a bailey.
You were an enormous anaconda.
You visited 1 branch of the dungeon, and saw 7 of its levels.
You also visited: Bailey.

You collected 524 gold pieces.
You spent 77 gold pieces at shops.

Inventory:

Hand Weapons
 a - a +2 sling of flaming (melded)
 q - a +2 whip of holy wrath
 u - a +0 giant spiked club
 v - a +1 rapier of holy wrath
 B - a +2 trident of pain
Missiles
 r - a throwing net
 x - a curare-tipped dart
Armour
 c - a +1 robe (melded)
 t - a +0 robe of willpower
Jewellery
 f - a ring of protection from fire (left hand)
 i - a ring of wizardry
 j - an amulet of reflection (around neck)
 p - a ring of willpower
 y - the ring "Qohycue" {Ice rCorr}
   (You found it on level 6 of the Dungeon)

   [ring of ice]

   Ice:       It enhances your ice magic.
   rF-:       It makes you vulnerable to fire.
   rC+:       It protects you from cold.
   rCorr:     It protects you from acid and corrosion.
 A - a ring of poison resistance (right hand)
Talismans
 k - a serpent talisman (active)
Wands
 s - a wand of flame (23)
Scrolls
 b - a scroll of poison
 h - a scroll of revelation
 l - a scroll of brand weapon
 o - 3 scrolls of teleportation
 z - 2 scrolls of enchant armour
 C - 2 scrolls of enchant weapon
 E - a scroll of fog
 F - a scroll of butterflies
Potions
 d - a potion of curing
 e - a potion of enlightenment {unknown}
 g - a potion of heal wounds
 m - a potion of cancellation {unknown}
 n - a potion of invisibility {unknown}
 w - 2 potions of might {unknown}
 D - a potion of lignification {unknown}


   Skills:
 + Level 8.5 Fighting
 - Level 1.3 Ranged Weapons
 - Level 1.7 Dodging
 + Level 7.0 Spellcasting
 - Level 2.6 Hexes
 - Level 2.0 Fire Magic
 * Level 7.7 Shapeshifting


You had 20 spell levels left.
You knew the following spells:

 Your Spells              Type           Power      Damage    Failure   Level
a - Scorch                Fire           26%        2d6       7%          2

Your spell library contained the following spells:

 Spells                   Type           Power      Damage    Failure   Level
 Jinxbite                 Hex            32%        N/A       5%          2
 Foxfire                  Conj/Fire      40%        2x1d6     7%          1
 Apportation              Tloc           12%        N/A       11%         1
 Summon Small Mammal      Summ           24%        N/A       11%         1
 Sigil of Binding         Hex            16%        N/A       11%         3
 Inner Flame              Hex/Fire       14%        N/A       12%         3
 Frozen Ramparts          Ice            12%        1d2       32%         3
 Cause Fear               Hex            8%         N/A       34%         4
 Dimensional Bullseye     Hex/Tloc       5%         N/A       52%         4
 Flame Wave               Conj/Fire      10%        2d6       56%         4
 Petrify                  Tmut/Erth      6%         N/A       71%         4
 Metabolic Englaciation   Hex/Ice        5%         N/A       86%         5
 Alistair's Intoxication  Tmut/Pois      4%         N/A       96%         5
 Plasma Beam              Fire/Air       5%         2x1d15    100%        6
 Starburst                Conj/Fire      5%         6d4       100%        6
 Summon Cactus Giant      Summ           3%         N/A       100%        6
 Summon Horrible Things   Summ           3%         N/A       100%        8


Dungeon Overview and Level Annotations

Branches:
Dungeon (7/15)             Temple (0/1) D:7          Bailey (1/1)

Altars:
Gozag
Nemelex Xobeh
Ru
Vehumet
Xom

Shops:
D:4 =[[


Innate Abilities, Weirdness & Mutations

You are an enormous anaconda.
You have a powerful constriction melee attack.
Your maximum health is decreased, since you lack skill for your form.
Your armour is entirely melded.
You are incapable of wielding weapons or throwing items.
You are too large for most types of armour.
((You have tough skin. (AC +1)))


Message History

The orc warrior is moderately wounded.
You constrict the orc warrior. The orc warrior closely misses you.
The goblin closely misses you. You block the orc warrior's attack.
You lash the orc warrior!
The orc warrior is severely wounded.
You constrict the orc warrior.
The orc warrior hits you with a +0 war axe!
The goblin closely misses you.
The orc warrior hits you with a +0 war axe.
* * * LOW HITPOINT WARNING * * *
You feel better.
You constrict the orc warrior.
The orc warrior hits you with a +0 war axe!
* * * LOW HITPOINT WARNING * * *
The goblin hits you with a +0 hand axe.
* * * LOW HITPOINT WARNING * * *
The orc warrior barely misses you.
Unknown command.
You hit the orc warrior.
The orc warrior is almost dead.
You constrict the orc warrior.
The orc warrior hits you with a +0 war axe.
* * * LOW HITPOINT WARNING * * *
The goblin barely misses you.
The orc warrior hits you with a +0 war axe!
* * * LOW HITPOINT WARNING * * *
It was a potion of heal wounds.
You feel much better.
You constrict the orc warrior.
You kill the orc warrior!
You block the goblin's attack. The orc warrior closely misses you.
You closely miss the orc warrior. Your grab misses the orc warrior.
You block the goblin's attack.
The orc warrior hits you with a +0 war axe!
* * * LOW HITPOINT WARNING * * *
You hit the orc warrior. You grab the orc warrior.
The orc warrior is lightly wounded.
You constrict the orc warrior, but do no damage.
The goblin hits you with a +0 hand axe.
* * * LOW HITPOINT WARNING * * *
The orc warrior hits you with a +0 war axe!
You die...

###.........##......♣♣
#...........#.......♣♣
#..........)'........♣
#.....⌠)...)'..∩.∩..♣♣
#...........'.......♣
#...........#..)....♣
###...))....##.......♣
##
###.###.go).###♣♣.....♣♣
.### ###.....#'#S###
♣♣♣♣.♣♣
...###.........### ♣♣♣
.g..#...........#
....#...........#
....#...o)g.....#
...o'...........#
....#...........#
...###.........## .###
###.....###


You could see an orc warrior and a goblin.

Vanquished Creatures
  A shadow (D:7)
  2 water moccasins (D:5)
  5 orc warriors (Bailey)
  An ice beast (D:6)
  2 ogres
  A centaur (D:6)
  A phantom (D:3)
  A kobold brigand (D:7)
  3 bullfrogs
  5 scorpions
  4 crimson imps
  2 hounds
  2 jellies (D:5)
  2 orc priests (D:5)
  A sleepcap (D:6)
  Natasha (thrice) (D:4)
  2 iguanas
  3 orc wizards
  11 gnolls (Bailey)
  4 adders
  4 worms
  4 dart slugs
  25 orcs
  8 endoplasms
  14 goblins
  9 hobgoblins
  2 jackals (D:4)
  2 quokkas
  3 ball pythons
  9 bats
  10 frilled lizards
  12 kobolds
  5 rats
163 creatures vanquished.

Notes
Turn   | Place    | Note
-------+----------+-------------------------------------------
     0 | D:1      | Shayle the Ogre Hexslinger began the quest for the Orb.
     0 | D:1      | Reached XP level 1. HP: 19/19 MP: 2/2
    69 | D:1      | Reached skill level 1 in Fire Magic
   143 | D:1      | Reached XP level 2. HP: 28/28 MP: 4/4
   161 | D:1      | Reached skill level 2 in Fighting
   610 | D:2      | Reached XP level 3. HP: 36/36 MP: 6/6
   622 | D:2      | Found a faded altar of an unknown god.
   633 | D:2      | Got a worn book
   769 | D:2      | Got an ancient book
   793 | D:2      | Found a shimmering altar of Xom.
  1322 | D:2      | Reached skill level 3 in Fighting
  1340 | D:2      | Reached XP level 4. HP: 26/45 MP: 7/7
  2064 | D:3      | Upgraded the game from 0.31-a0-795-g5eb97db20b to
                  | 0.31-a0-799-g6bc09d010c
  2072 | D:3      | Reached skill level 1 in Shapeshifting
  2151 | D:3      | Found an opulent altar of Gozag.
  2222 | D:3      | Reached XP level 5. HP: 32/53 MP: 9/9
  2225 | D:3      | Learned a level 2 spell: Scorch
  2377 | D:3      | Found a radiant altar of Vehumet.
  2642 | D:4      | Noticed an animated plate armour
  2642 | D:4      | Noticed an animated crystal plate armour
  2642 | D:4      | Found Umiaf's Armour Shop.
  2732 | D:4      | Noticed Natasha
  2734 | D:4      | Killed Natasha
  2836 | D:4      | Noticed a phantom
  2859 | D:3      | Killed a phantom
  2860 | D:3      | Reached skill level 4 in Fighting
  2860 | D:3      | Reached XP level 6. HP: 26/62 MP: 9/11
  3015 | D:4      | Found Fingidghuest's Antique Armour Shoppe.
  3024 | D:4      | Bought a runed robe for 77 gold pieces
  3205 | D:4      | Found a transporter.
  3205 | D:4      | Found Gihut's Jewellery Boutique.
  3231 | D:4      | Found a transporter.
  3495 | D:4      | Noticed Natasha
  3502 | D:4      | Killed Natasha
  3874 | D:4      | Noticed Natasha
  3883 | D:4      | Killed Natasha
  3943 | D:5      | Entered Level 5 of the Dungeon
  4041 | D:5      | Noticed a water moccasin
  4071 | D:5      | Noticed a water moccasin
  4086 | D:5      | Killed a water moccasin
  4310 | D:5      | Reached skill level 5 in Fighting
  4310 | D:5      | Reached XP level 7. HP: 46/72 MP: 13/13
  5079 | D:5      | Reached XP level 8. HP: 81/83 MP: 15/15
  5098 | D:5      | Reached skill level 6 in Fighting
  5098 | D:5      | Reached skill level 5 in Spellcasting
  5098 | D:5      | Reached skill level 5 in Shapeshifting
  5215 | D:5      | Found a sacrificial altar of Ru.
  5231 | D:5      | Found a sparkling altar of Nemelex Xobeh.
  5484 | D:6      | Identified the ring "Qohycue" {Ice rCorr}
  5638 | D:6      | Found a shimmering altar of Xom.
  6423 | D:5      | Reached skill level 7 in Fighting
  7335 | D:7      | Noticed a shadow
  7345 | D:7      | Killed a shadow
  7346 | D:7      | Reached XP level 9. HP: 65/94 MP: 18/18
  7763 | D:7      | Found a flagged portal.
  7768 | Bailey   | Entered a bailey
  8052 | Bailey   | HP: 3/81 [orc warrior/+0 war axe (9)]
  8054 | Bailey   | Reached skill level 8 in Fighting
  8685 | Bailey   | Slain by an orc warrior

Illustrated notes

Levels and vault maps discovered:
D:1:      nzn_arrival_settlement, layout_basic, wad_floor_pattern_untrapped,
          minmay_lizard_pond
D:2:      minmay_wonky_spiral, layout_basic, basic_altar,
          shapermc_ecumenical_altar_rom_forum, nicolae_underground_beach
D:3:      layout_basic, nicolae_gozag_cash_rules_everything_around_me,
          nicolae_vehumet_altar_sigil
D:4:      layout_basic, serial_shops, nicolae_shop_drivethru,
          nicolae_lakefront_shop, nicolae_shop_mannequins, minmay_misc_feat_chi,
          patterned_corridor, uniq_natasha
D:5:      layout_rooms, mainiacjoe_overflow_swirl
D:6:      layout_loops_ring, led_xom_imps
D:7:      layout_loops_ring, nicolae_uskayaw_en_pointe,
          minmay_temple_entry_offerings, enter_bailey_3, uniq_maggie
Bailey:   bailey_axe_minmay_hex_keep, bailey

Skill      XL: |  1  2  3  4  5  6  7  8  9 |
---------------+----------------------------+-----
Fire Magic     | 1 2 |  2.0
Fighting       | 2 3 4 5 7 8 |  8.5
Spellcasting   | 2 3 4 6 7 |  7.0
Shapeshifting  | 1 2 3 4 6 7 |  7.7
Ranged Weapons | |  1.3
Dodging        | |  1.7
Hexes          | |  2.6

Action                     |  1- 3 |  4- 6 |  7- 9 || total
---------------------------+-------+-------+-------++-------
  Melee: Whip              |       |       |    68 ||    68
         Unarmed           |       |       |    77 ||    77
         Constrict         |       |       |    19 ||    19
         Punch             |       |       |     1 ||     1
   Fire: Sling             |   111 |   177 |   340 ||   628
   Cast: Scorch            |       |       |     9 ||     9
  Evoke: Wand              |       |     4 |    14 ||    18
    Use: Scroll            |     8 |     3 |    10 ||    21
         Potion            |     2 |     3 |     5 ||    10
 Armour: Robe              |    40 |    86 |   248 ||   374
         Skin              |       |       |    56 ||    56
  Dodge: Dodged            |    32 |    57 |   220 ||   309
  Block: Other             |       |    12 |   115 ||   127
         Reflection        |       |       |     2 ||     2
   Form: Anaconda          |       |       |     1 ||     1

Table legend: (Time is in decaauts)
 A = Elapsed time spent in this place.
 B = Non-inter-level travel time spent in this place.
 C = Inter-level travel time spent in this place.
 D = Time resting spent in this place.
 E = Time spent auto-exploring this place.
 F = Levels seen in this place.
 G = Mean time per level.
                   A        B        C        D        E       F      G
               +--------+--------+--------+--------+--------+-----+--------+
         Total |   8900 |   8449 |    451 |   2269 |   4137 |   8 | 1112.5 |
       Dungeon |   7970 |   7519 |    451 |   1663 |   4131 |   7 | 1138.6 |
        Bailey |    930 |    930 |      0 |    606 |      6 |   1 |  930.0 |
               +--------+--------+--------+--------+--------+-----+--------+

Top non-repeatable levels by time:
     D:5: 1950 daAuts
     D:6: 1401 daAuts
     D:4: 1307 daAuts
     D:3: 1237 daAuts
     D:2: 1000 daAuts
  Bailey: 930 daAuts
     D:1: 625 daAuts
     D:7: 447 daAuts
